 Dungeon Crawl Stone Soup version 0.30.1-11-g7821555f0a (webtiles) character file.

Game seed: 2100363116429681083

77 Alkoric the Trooper (level 4, -2/29 HPs)
             Began as a Gargoyle Fighter on Jan 14, 2024.
             Slain by a gnoll
             ... wielding a +0 flail
              (8 damage)
             ... on level 3 of the Dungeon.
             The game lasted 00:09:03 (632 turns).

Alkoric the Trooper (Gargoyle Fighter)               Turns: 632, Time: 00:09:03

Health: -2/29      AC: 10    Str: 21    XL:     4   Next: 33%
Magic:  4/4        EV:  9    Int:  9    God:
Gold:   13         SH:  4    Dex:  9    Spells: 3/3 levels left

rFire   . . .        a - +0 flail
rCold   . . .        c - +0 buckler
rNeg    + . .        b - +0 scale mail
rPois   ∞            (no helmet)
rElec   +            (no cloak)
rCorr   .            (no gloves)
SInv    .            (no boots)
Will    .....        (no amulet) Stlth
                     (no ring)
HPRegen 0.24/turn    (no ring)
MPRegen 0.09/turn

%: no passive effects
@: no status effects
A: sickness immunity, AC +3, negative energy resistance 1, electricity
resistance, torment resistance 1, petrification resistance
a: no special abilities


You were on level 3 of the Dungeon.
You visited 1 branch of the dungeon, and saw 3 of its levels.

You collected 13 gold pieces.

Inventory:

Hand Weapons
 a - a +0 flail (weapon)
 h - a +0 dire flail
 j - a +0 whip
Missiles
 g - 5 poisoned darts (quivered)
Armour
 b - a +0 scale mail (worn)
 c - a +0 buckler (worn)
Scrolls
 e - a scroll of identify {unknown}
 f - a scroll of magic mapping {unknown}
 i - a scroll of vulnerability {unknown}
Potions
 d - a potion of might
 k - a potion of degeneration {unknown}


   Skills:
 + Level 4.0 Fighting
 + Level 2.9 Maces & Flails
 + Level 3.9 Armour
 - Level 3.8 Shields


You had 3 spell levels left.
You didn't know any spells.
Your spell library was empty.

Dungeon Overview and Level Annotations

Branches:
Dungeon (3/15)

Altars:

Shops:
D:3 ?


Innate Abilities, Weirdness & Mutations

You are immune to sickness and miasma.
Your stone body is resilient. (AC +3)
You are immune to poison.
You resist negative energy. (rN+)
You are resistant to electric shocks. (rElec)
You are resistant to unholy torment.
You are immune to petrification.


Message History

The gnoll hits you but does no damage. You block the gnoll's attack.
The gnoll closely misses you.
You hit the gnoll.
The gnoll is heavily wounded.
The gnoll hits you but does no damage. You block the gnoll's attack.
The gnoll closely misses you. The gnoll hits you with a +0 flail.
The gnoll hits you with a +0 club. The gnoll barely misses you.
You sock the gnoll!
You kill the gnoll!
The gnoll hits you but does no damage. The gnoll hits you with a +0 flail.
Your Fighting skill increases to level 4!
Found 18 gold pieces.
The gnoll closely misses you. The gnoll hits you with a +0 flail.
Things that are here:
a +0 club; a gnoll corpse You block the gnoll's attack.
The gnoll misses you.
You closely miss the gnoll. The gnoll barely misses you.
The gnoll closely misses you.
You hit the gnoll.
The gnoll is lightly wounded.
The gnoll hits you with a +0 club. The gnoll barely misses you.
You hit the gnoll.
The gnoll is moderately wounded.
The gnoll hits you but does no damage. x3; You block the gnoll's attack.
You sock the gnoll!
The gnoll is almost dead.
The gnoll closely misses you.
A hobgoblin comes into view.
You block the gnoll's attack.
The hobgoblin shouts!
You hit the gnoll.
You kill the gnoll!
The gnoll hits you with a +0 flail.
Things that are here:
a +0 club; a gnoll corpse You closely miss the gnoll.
The gnoll hits you with a +0 flail!
* * * LOW HITPOINT WARNING * * *
The gnoll hits you but does no damage.
You closely miss the gnoll. The gnoll hits you with a +0 flail!
You die...

#.#######
#.#.....#
#.#.###.#
#.#.#<).# # .
#>#.....#.# .g.
#.#.......#
....####.#.....###
.......#@.........
........g......###
...........∩...#
...............#
.........?....##
###....########
#####


You could see a gnoll.

Vanquished Creatures
  2 gnolls (D:3)
  4 adders (D:2)
  A bat (D:1)
  An endoplasm (D:1)
  3 giant cockroaches (D:2)
  2 goblins
  2 jackals (D:2)
  2 kobolds (D:2)
  2 quokkas (D:2)
  2 ball pythons
  A frilled lizard (D:1)
  A rat (D:2)
23 creatures vanquished.

Notes
Turn   | Place    | Note
-------+----------+-------------------------------------------
     0 | D:1      | Alkoric the Gargoyle Fighter began the quest for the Orb.
     0 | D:1      | Reached XP level 1. HP: 14/14 MP: 1/1
   282 | D:2      | Reached XP level 2. HP: 2/19 MP: 2/2
   296 | D:2      | Reached XP level 3. HP: 4/23 MP: 3/3
   576 | D:2      | Reached XP level 4. HP: 29/29 MP: 4/4
   601 | D:3      | Found Ahin's Magic Scroll Shop.
   623 | D:3      | Reached skill level 4 in Fighting
   632 | D:3      | Slain by a gnoll

Illustrated notes

Levels and vault maps discovered:
D:1:      dpeg_arrival_rooms_a, layout_basic, serial_corexii_hall,
          chequers_hall_statues_wall_a, chequers_hall_statues_corner_a,
          chequers_hall_statues_wall_a, chequers_hall_statues_wall_a
D:2:      layout_loops_ring, uniq_jessica
D:3:      layout_basic, serial_shops, shop

Skill      XL: |  1  2  3  4 |
---------------+-------------+-----
Fighting       | 4 |  4.0
Maces & Flails | |  2.9
Armour         | |  3.9
Shields        | |  3.8

Action                     |  1- 3 |  4- 6 || total
---------------------------+-------+-------++-------
  Melee: Flail             |   112 |    12 ||   124
 Armour: Scale mail        |   126 |     7 ||   133
  Dodge: Dodged            |   100 |    12 ||   112
  Block: Buckler           |    45 |     7 ||    52
